 Dungeon Crawl Stone Soup version 0.19.1 (webtiles) character file.

118820 Magikarp the Brawler (level 16, -6/127 HPs)
             Began as a Demonspawn Wanderer on Nov 25, 2016.
             Was a High Priest of Qazlal.
             Mangled by a jumping spider (16 damage)
             ... on level 1 of the Spider Nest.
             The game lasted 01:20:51 (24784 turns).

Magikarp the Brawler (Demonspawn Wanderer)         Turns: 24784, Time: 01:20:52

Health: -6/127     AC: 17    Str: 22    XL:     16   Next: 26%
Magic:  26/26      EV:  6    Int: 13    God:    Qazlal [*****.]
Gold:   2504       SH:  0    Dex: 16    Spells: 0 memorised, 15 levels left

rFire  + . .     SeeInvis .       - Unarmed
rCold  . . .     Gourm    .     X - +0 ring mail {rPois}
rNeg   . . .     Faith    .     (no shield)
rPois  +         Spirit   .     (helmet unavailable)
rElec  .         Reflect  .     j - +2 cloak
rCorr  +         Harm     .     d - +2 pair of gloves
MR     +....                    (no boots)
Stlth  ..........               x - amulet of regeneration
                                e - ring of protection from fire
                                H - ring of resist corrosion

@: confused, mighty, protected from physical damage, held, repel missiles
A: claws 1, hooves 2, horns 3, powered by pain 2
a: Upheaval, Elemental Force, Disaster Area, Renounce Religion


You were on level 1 of the Spider Nest.
You worshipped Qazlal.
Qazlal was extremely pleased with you.
You were not hungry.

You visited 5 branches of the dungeon, and saw 25 of its levels.

You collected 2537 gold pieces.
You spent 33 gold pieces at shops.

Inventory:

Armour
 d - a +2 pair of gloves (worn)
 j - a +2 cloak (worn)
 z - a +2 robe of resistance
 X - a +0 ring mail of poison resistance (worn)
Jewellery
 a - an uncursed ring of stealth
 e - a ring of protection from fire (right hand)
 n - a +3 ring of strength
 x - an amulet of regeneration (around neck)
 A - an uncursed ring of magical power
 H - a ring of resist corrosion (left hand)
 S - an uncursed ring of positive energy
 T - an uncursed ring of stealth
 U - an uncursed amulet of magic regeneration
 W - a +3 ring of dexterity
Wands
 c - a wand of random effects (26/48)
 g - a wand of disintegration (12/24)
 m - a wand of polymorph (11/24)
 p - a wand of flame (17/48)
 v - a wand of iceblast (0/15)
 B - a wand of flame (23/48)
 K - a wand of slowing (26/48)
 L - a wand of lightning (1/15)
 N - a wand of slowing (23/48)
 P - a wand of iceblast (6/15)
 Q - a wand of iceblast (8/15)
Scrolls
 b - 2 scrolls of noise
 h - 13 scrolls of identify
 o - 6 scrolls of remove curse
 r - a scroll of random uselessness
 s - 3 scrolls of enchant weapon
 u - a scroll of recharging
 y - 2 scrolls of enchant armour
 C - 3 scrolls of amnesia
 O - a scroll of fog
 R - 3 scrolls of magic mapping
Potions
 i - 2 potions of resistance
 q - a potion of haste
 D - a potion of magic {unknown}
 F - a potion of ambrosia
 M - 3 potions of brilliance
Books
 I - a book of Cantrips

   Spells                             Type                      Level
   a - Confusing Touch                Hexes                        1
   b - Animate Skeleton               Necromancy                   1
   c - Summon Small Mammal            Summoning                    1
   d - Apportation                    Translocation                1
 J - Sif Muna's Grimoire of Ghastly Shape Shifting
   (You found it on level 10 of the Dungeon)

   Spells                             Type                      Level
   a - Animate Skeleton               Necromancy                   1
   b - Sublimation of Blood           Necromancy                   2
   c - Sticks to Snakes               Transmutation                2
   d - Petrify                        Transmutation/Earth          4
   e - Alistair's Intoxication        Transmutation/Poison         5
   f - Death Channel                  Necromancy                   6
Comestibles
 f - 6 bread rations
 k - 18 meat rations
 t - 8 slices of pizza
 w - 10 beef jerkies
 E - 2 royal jellies
 G - 17 fruits


   Skills:
 + Level 12.1 Fighting
 - Level 10.7 Armour
 + Level 2.6 Dodging
 - Level 1.7 Stealth
 - Level 19.0 Unarmed Combat
   Level 3.2 Necromancy
 + Level 13.6 Invocations
 - Level 2.0 Evocations


You had 15 spell levels left.
You didn't know any spells.

Dungeon Overview and Level Annotations

Branches:
Dungeon (15/15)            Temple (1/1) D:7            Lair (6/6) D:11
 Shoals (0/4) Lair:3       Spider (1/4) Lair:3        Slime (0/5) Lair:5
    Orc (2/2) D:11            Elf (0/3) Orc:2        Vaults (0/5) D:14
 Depths (0/5) D:15

Altars:
Ashenzari
Cheibriados
Dithmenos
Elyvilon
Fedhas
Gozag
Hepliaklqana
Kikubaaqudgha
Makhleb
Nemelex Xobeh
Okawaru
Qazlal
Ru
Sif Muna
Trog
Uskayaw
Vehumet
Xom
Yredelemnul
Zin
The Shining One
Beogh
Jiyva

Shops:
D:8 (([%?   D:9 *   Orc:2 [[}:

Portals:
Hell: Lair:6

Annotations:
D:14 exclusion: Roxanne, Roxanne


Innate Abilities, Weirdness & Mutations

You have sharp fingernails.
You have hoof-like feet.
You have a pair of large horns on your head.
You sometimes gain power by taking damage.


Message History

You feel invigorated. The jumping spider closely misses you.
The jumping spider bites you.
* * * LOW HITPOINT WARNING * * *
You feel more protected from physical attacks.
You bump into the rock wall.
The jumping spider pounces on you!
* * * LOW HITPOINT WARNING * * *
You focus on the pain.
You feel your power returning. The jumping spider closely misses you.
Unknown command.
You're too confused to move!
The jumping spider completely misses you.
The jumping spider bites you but does no damage.
The jumping spider pounces on you.
* * * LOW HITPOINT WARNING * * *
The jumping spider bites you but does no damage.
The jumping spider closely misses you.
The jumping spider bites you but does no damage.
You are caught in the web!
The jumping spider barely misses you. x2
The jumping spider pounces on you!
You die...

.## ..#### .....# ....#
######....#
####....##...#
##........s†§.#
#....s..§.@§#
#....s#≈.§§##
#....###..## #.....#####
##....# #....## ####
#.....# ##..## ##....####
#####....##
#..>^##..######...#.....#


You could see 3 jumping spiders.

Vanquished Creatures
  Frances (D:12)
  Agnes (Spider:1)
  A stone giant (Orc:2)
  Azrael (D:12)
  Nessos (Orc:1)
  3 dire elephants (Lair:6)
  A fire dragon (D:15)
  Fannar (D:11)
  The ghost of ohados the Transmogrifier, a journeyman DrTm of Okawaru (D:11)
  15 hydras
  4 vault guards (D:14)
  An ice dragon (D:15)
  3 catoblepae
  A centaur warrior (D:15)
  An ogre mage (D:14)
  A death yak (Lair:6)
  4 orc high priests
  Nergalle (D:12)
  A fire crab (shapeshifter) (D:13)
  A sixfirhy (Lair:6)
  2 wizards
  9 hill giants
  9 orc knights
  An orb spider (Lair:3)
  5 orc sorcerers
  22 ugly things
  3 cyclopes
  3 deep elf magi
  9 wolf spiders (Spider:1)
  A moth of wrath (Spider:1)
  14 elephants
  3 manticores
  3 torpor snails
  3 black mambas
  A smoke demon (Lair:6)
  2 gargoyles
  The ghost of ohados the Transmogrifier, a novice DrTm of Makhleb (D:5)
  17 spiny frogs
  5 rime drakes (Lair:5)
  2 demonic crawlers (Spider:1)
  A yaktaur (D:14)
  6 komodo dragons
  A hellwing (Lair:6)
  3 ice devils (Lair:6)
  A freezing wraith (D:14)
  An efreet (D:15)
  A tengu conjurer (D:12)
  5 red devils (Lair:6)
  4 trolls
  3 meliai (D:15)
  8 jumping spiders (Spider:1)
  A polar bear (Lair:6)
  A hornet (D:13)
  3 two-headed ogres
  3 blink frogs (Lair:2)
  A wind drake (shapeshifter) (D:14)
  15 hippogriffs
  9 dream sheep
  3 shadows
  Sigmund (D:5)
  6 redbacks (Spider:1)
  2 vampires (D:9)
  2 water elementals (D:12)
  18 wyverns
  10 basilisks
  24 yaks
  2 wraiths
  A hungry ghost (D:10)
  A steam dragon (D:14)
  3 fire elementals
  Grum (D:9)
  10 vampire mosquitoes
  5 wargs
  3 insubstantial wisps (Lair:5)
  4 hell hounds
  9 porcupines
  11 water moccasins
  26 orc warriors
  3 black bears
  A necrophage (D:14)
  5 ice beasts
  2 phantoms
  An eye of draining (D:13)
  14 wolves
  14 centaurs
  5 boggarts (D:14)
  19 ogres
  17 crocodiles
  13 bullfrogs
  5 big kobolds
  A gnoll sergeant (D:7)
  A wyvern zombie (D:14)
  A wyvern skeleton (D:14)
  4 scorpions
  5 howler monkeys
  29 killer bees
  A troll skeleton (D:8)
  A wight (Lair:1)
  6 electric eels
  13 crimson imps
  3 centaur zombies
  A quasit (D:13)
  A centaur skeleton (D:7)
  5 human zombies (D:8)
  3 jellies
  6 hounds
  3 human skeletons (D:8)
  16 orc priests
  25 orc wizards
  4 iguanas
  Ijyb (D:2)
  Jessica (D:3)
  A bullfrog skeleton (D:6)
  Natasha (thrice) (D:3)
  10 worker ants
  2 mummies (D:8)
  A worker ant zombie (D:6)
  11 gnolls
  9 adders
  2 shadow imps
  5 oozes
  An adder skeleton (D:7)
  A worm (D:1)
  3 leopard geckos
  89 orcs
  2 ball pythons
  4 bats
  3 giant cockroaches
  12 goblins
  5 hobgoblins
  14 kobolds
  4 quokkas
  5 frilled lizards
  A jackal skeleton (D:7)
  A leopard gecko skeleton (D:4)
  A quokka skeleton (D:8)
  2 rats (D:2)
  2 bushes (Lair:6)
  21 fungi
  10 plants
823 creatures vanquished.

Vanquished Creatures (others)
  A shadow imp (D:15)
  4 orcs
  A quokka (D:6)
  A bush (Lair:6)
  15 fungi
  45 plants
67 creatures vanquished.

Grand Total: 890 creatures vanquished

Notes
Turn   | Place    | Note
-------+----------+-------------------------------------------
     0 | D:1      | Magikarp the Demonspawn Wanderer began the quest for the Orb.
     0 | D:1      | Magikarp set off with: a +2 spear, a potion of lignification, a wand of random effects (15/48), a +0 robe, a +0 dagger, a bread ration
     0 | D:1      | Reached XP level 1. HP: 18/18 MP: 2/2
   296 | D:1      | Gained mutation: You have large cloven feet. [demonic ancestry]
   296 | D:1      | Reached XP level 2. HP: 24/24 MP: 3/3
   437 | D:2      | Found a stormy altar of Qazlal.
   478 | D:1      | Reached skill level 1 in Unarmed Combat
   706 | D:1      | Reached XP level 3. HP: 9/29 MP: 4/4
   962 | D:2      | Reached skill level 2 in Unarmed Combat
  1215 | D:2      | Noticed Ijyb
  1234 | D:2      | Killed Ijyb
  1234 | D:2      | Reached skill level 3 in Unarmed Combat
  1234 | D:2      | Reached XP level 4. HP: 25/36 MP: 5/5
  1832 | D:3      | Gained mutation: You have a pair of small horns on your head. [demonic ancestry]
  1832 | D:3      | Reached XP level 5. HP: 41/41 MP: 6/6
  1862 | D:3      | Noticed Natasha
  1870 | D:3      | Killed Natasha
  1870 | D:3      | Reached skill level 4 in Unarmed Combat
  1993 | D:3      | Noticed Jessica
  2000 | D:3      | Killed Jessica
  2146 | D:3      | Noticed Natasha
  2155 | D:3      | Gained mutation: You are resistant to hostile enchantments. (MR+) [potion of mutation]
  2155 | D:3      | Gained mutation: Potions and wands are less effective at restoring your health. [potion of mutation]
  2155 | D:3      | Gained mutation: Your natural rate of healing is unusually fast. [potion of mutation]
  2177 | D:3      | Killed Natasha
  2280 | D:3      | Noticed Natasha
  2299 | D:3      | Killed Natasha
  2316 | D:3      | Noticed an ogre
  2581 | D:4      | Noticed a hand axe
  2582 | D:4      | Noticed a dagger
  2785 | D:4      | Found an opulent altar of Gozag.
  2810 | D:4      | Reached skill level 5 in Unarmed Combat
  2945 | D:4      | Gained mutation: You have a pair of horns on your head. [demonic ancestry]
  2945 | D:4      | Reached XP level 6. HP: 41/47 MP: 7/7
  3316 | D:4      | Reached skill level 6 in Unarmed Combat
  3407 | D:4      | Found a hide-covered altar of Uskayaw.
  3591 | D:5      | Entered Level 5 of the Dungeon
  3620 | D:5      | Noticed an ice beast
  3632 | D:5      | Killed an ice beast
  3632 | D:5      | Reached XP level 7. HP: 40/52 MP: 8/8
  3823 | D:5      | Noticed Sigmund
  3836 | D:5      | Killed Sigmund
  3836 | D:5      | Reached skill level 7 in Unarmed Combat
  3900 | D:5      | Found a sacrificial altar of Ru.
  3948 | D:5      | Found a radiant altar of Vehumet.
  4045 | D:5      | Noticed ohados's ghost (novice DrTm)
  4054 | D:5      | Killed ohados's ghost
  4054 | D:5      | Reached skill level 8 in Unarmed Combat
  4054 | D:5      | Reached XP level 8. HP: 55/60 MP: 9/9
  4370 | D:6      | Found a deep blue altar of Sif Muna.
  4546 | D:6      | Found a white marble altar of Elyvilon.
  4548 | D:6      | Noticed a troll
  4598 | D:6      | Killed a troll
  4598 | D:6      | Reached skill level 5 in Fighting
  4598 | D:6      | Reached skill level 9 in Unarmed Combat
  5012 | D:7      | Gained mutation: You sometimes gain a little power by taking damage. [demonic ancestry]
  5012 | D:7      | Reached XP level 9. HP: 69/69 MP: 10/10
  5195 | D:7      | Found a sparkling altar of Nemelex Xobeh.
  5249 | D:7      | Found a staircase to the Ecumenical Temple.
  5255 | D:7      | Reached skill level 10 in Unarmed Combat
  5311 | Temple   | Entered the Ecumenical Temple
  5537 | D:2      | Became a worshipper of Qazlal Stormbringer
  5635 | D:7      | Reached skill level 1 in Invocations
  5994 | D:8      | Found a burning altar of Makhleb.
  6001 | D:8      | Found Kuagent's Antique Weapon Emporium.
  6013 | D:8      | Reached skill level 11 in Unarmed Combat
  6070 | D:8      | Found Vopi's Antique Weapon Boutique.
  6148 | D:8      | Reached * piety under Qazlal
  6151 | D:8      | Gained mutation: You have a pair of large horns on your head. [demonic ancestry]
  6151 | D:8      | Reached XP level 10. HP: 78/79 MP: 12/12
  6189 | D:8      | Found a glowing golden altar of the Shining One.
  6373 | D:8      | Found a basalt altar of Yredelemnul.
  6535 | D:8      | Reached skill level 5 in Invocations
  6572 | D:8      | Found Lalygh's Magic Scroll Emporium.
  6575 | D:8      | Bought a scroll of teleportation for 33 gold pieces
  6584 | D:8      | Found Seujomih's Food Boutique.
  6585 | D:8      | Found Baever Zamo's Antique Armour Shoppe.
  6640 | D:8      | Found a shattered altar of Ashenzari.
  6840 | D:9      | Noticed Grum
  7000 | D:9      | Killed Grum
  7110 | D:9      | Noticed a hill giant
  7120 | D:9      | Killed a hill giant
  7120 | D:9      | Reached ** piety under Qazlal
  7120 | D:9      | Reached skill level 12 in Unarmed Combat
  7307 | D:9      | Found Zym Qatofocs's General Store.
  7830 | D:10     | Entered Level 10 of the Dungeon
  8005 | D:10     | Noticed a hill giant
  8009 | D:10     | Killed a hill giant
  8009 | D:10     | Reached XP level 11. HP: 79/87 MP: 16/16
  8045 | D:10     | Found a burning altar of Makhleb.
  8246 | D:10     | Reached *** piety under Qazlal
  8325 | D:10     | Identified Sif Muna's Grimoire of Ghastly Shape Shifting
  8486 | D:11     | Noticed ohados's ghost (journeyman DrTm)
  8490 | D:11     | Found a staircase to the Orcish Mines.
  8636 | D:11     | Found a staircase to the Lair.
  8742 | D:11     | Reached skill level 13 in Unarmed Combat
  8760 | D:11     | HP: 4/89 [ohados's ghost/bolt of negative energy (44)]
  8764 | D:11     | Killed ohados's ghost
  9185 | D:11     | Noticed a two-headed hydra
  9187 | D:11     | Reached **** piety under Qazlal
  9197 | D:11     | Killed a two-headed hydra
  9374 | Lair:1   | Entered Level 1 of the Lair of Beasts
  9431 | Lair:1   | Reached skill level 10 in Invocations
  9658 | Lair:1   | Reached XP level 12. HP: 88/97 MP: 19/19
 10104 | Lair:1   | Reached skill level 10 in Fighting
 10249 | Lair:2   | Reached skill level 14 in Unarmed Combat
 10373 | Lair:2   | Noticed a seven-headed hydra
 10383 | Lair:2   | Killed a seven-headed hydra
 11089 | Lair:3   | Found a staircase to the Shoals.
 11089 | Lair:3   | Found a runed door.
 11126 | Lair:3   | Found a hole to the Spider Nest.
 12240 | Lair:3   | Noticed a seven-headed hydra
 12252 | Lair:3   | Killed a seven-headed hydra
 12278 | Lair:4   | Noticed a four-headed hydra
 12286 | Lair:4   | Killed a four-headed hydra
 12286 | Lair:4   | Reached skill level 1 in Armour
 12372 | Lair:4   | Noticed a five-headed hydra
 12379 | Lair:4   | Killed a five-headed hydra
 12396 | Lair:4   | Reached skill level 15 in Unarmed Combat
 12400 | Lair:4   | Noticed a six-headed hydra
 12408 | Lair:4   | Killed a six-headed hydra
 12944 | Lair:5   | Gained mutation: You sometimes gain power by taking damage. [demonic ancestry]
 12944 | Lair:5   | Reached XP level 13. HP: 90/105 MP: 21/21
 13041 | Lair:5   | Identified a scroll of acquirement
 13042 | Lair:5   | Got a pair of warped boots
 13073 | Lair:5   | Identified the +1 pair of boots of Servitude {rElec rPois MR- Int+5} (You acquired it on level 5 of the Lair of Beasts)
 13301 | Lair:5   | Reached skill level 16 in Unarmed Combat
 13800 | Lair:5   | Found a viscous altar of Jiyva.
 13800 | Lair:5   | Found a staircase to the Slime Pits.
 14352 | Lair:6   | Entered Level 6 of the Lair of Beasts
 14356 | Lair:6   | Reached ***** piety under Qazlal
 14463 | Lair:6   | Noticed a dire elephant
 14470 | Lair:6   | Killed a dire elephant
 14514 | Lair:6   | Reached skill level 17 in Unarmed Combat
 14600 | Lair:6   | Noticed a dire elephant
 14623 | Lair:6   | Killed a dire elephant
 14813 | Lair:6   | Gained mutation: You have sharp fingernails. [demonic ancestry]
 14813 | Lair:6   | Reached XP level 14. HP: 87/111 MP: 22/22
 15320 | Lair:6   | Reached skill level 18 in Unarmed Combat
 15877 | Lair:6   | Found a burning altar of Makhleb.
 15896 | Lair:6   | Reached skill level 5 in Armour
 15909 | Lair:6   | Found a gateway to Hell.
 16273 | Orc:1    | Entered Level 1 of the Orcish Mines
 16404 | Orc:2    | Entered Level 2 of the Orcish Mines
 16447 | Orc:1    | Lost mutation: Your natural rate of healing is unusually fast. [potion of cure mutation]
 16447 | Orc:1    | Lost mutation: You are resistant to hostile enchantments. (MR+) [potion of cure mutation]
 16447 | Orc:1    | Lost mutation: Potions and wands are less effective at restoring your health. [potion of cure mutation]
 16495 | Orc:2    | Noticed Nessos
 16693 | Orc:1    | Killed Nessos
 17879 | Orc:2    | Noticed a stone giant
 17900 | Orc:2    | Killed a stone giant
 17984 | Orc:2    | Found a staircase to the Elven Halls.
 18237 | Orc:2    | Found Muvar's Antique Armour Boutique.
 18237 | Orc:2    | Found Ehalu's Armour Shoppe.
 18250 | Orc:2    | Found Idwiu's Book Boutique.
 18250 | Orc:2    | Found Idub's Gadget Shoppe.
 18497 | D:12     | Noticed Nergalle
 18504 | D:12     | Killed Nergalle
 18513 | D:12     | Noticed Azrael
 18609 | D:12     | Noticed Fannar
 18680 | D:11     | Killed Fannar
 18701 | D:12     | Killed Azrael
 18769 | D:12     | Noticed Frances
 18783 | D:12     | Killed Frances
 18783 | D:12     | Gained mutation: You have hoof-like feet. [demonic ancestry]
 18783 | D:12     | Reached XP level 15. HP: 21/117 MP: 23/23
 19625 | D:13     | Reached skill level 10 in Armour
 19808 | D:13     | Found a roughly hewn altar of Beogh.
 20508 | D:14     | HP: 4/117 [something (9)]
 21382 | D:14     | Found a gate to the Vaults.
 21392 | D:14     | Reached ****** piety under Qazlal
 21605 | D:14     | Noticed Roxanne
 21645 | D:14     | Paralysed by a wizard for 6 turns
 21761 | D:15     | Entered Level 15 of the Dungeon
 23026 | D:15     | Reached XP level 16. HP: 123/127 MP: 25/25
 23378 | D:15     | Found a staircase to the Depths.
 23912 | Spider:1 | Entered Level 1 of the Spider Nest
 23993 | Spider:1 | Reached skill level 1 in Dodging
 24191 | Spider:1 | Reached skill level 19 in Unarmed Combat
 24387 | Spider:1 | Noticed Agnes
 24404 | Spider:1 | Killed Agnes
 24774 | Spider:1 | HP: 4/127 [jumping spider (5)]
 24774 | Spider:1 | HP: 1/127 [jumping spider (3)]
 24781 | Spider:1 | HP: 2/127 [jumping spider (15)]
 24784 | Spider:1 | Mangled by a jumping spider

Skill      XL: |  1  2  3  4  5  6  7  8  9 10 11 12 13 14 15 16 |
---------------+-------------------------------------------------+-----
Unarmed Combat | 1 3 5 6 8 9 11 12 13 15 17 18 19 | 19.0
Fighting       | 4 5 7 8 9 10 11 12 | 12.1
Invocations    | 3 7 10 11 13 | 13.6
Armour         | 1 9 10 | 10.7
Dodging        | 2 |  2.6
Stealth        | |  1.7
Necromancy     | |  3.2
Evocations     | |  2.0

Action                   |  1- 3 |  4- 6 |  7- 9 | 10-12 | 13-15 | 16-18 || total
-------------------------+-------+-------+-------+-------+-------+-------++-------
Melee: Spear             |    87 |   172 |       |       |       |       ||   259
       Kick              |    16 |    38 |    79 |   253 |   558 |    53 ||   997
       Punch             |       |     3 |    17 |    45 |   156 |    15 ||   236
       Unarmed           |       |    34 |   275 |   701 |  1397 |   144 ||  2551
       Headbutt          |       |    21 |    68 |   150 |   332 |    32 ||   603
Throw: Throwing net      |       |       |     1 |     2 |       |       ||     3
Invok: Upheaval          |       |       |       |     4 |    21 |     2 ||    27
       Disaster Area     |       |       |       |       |       |     1 ||     1
Evoke: Wand              |       |     3 |     1 |       |     4 |       ||     8
  Use: Potion            |     1 |     7 |     2 |     8 |    14 |     4 ||    36
       Scroll            |       |     3 |    10 |    10 |    12 |     1 ||    36
 Stab: Sleeping          |     5 |     4 |     5 |       |       |       ||    14
       Held in net/web   |       |       |     1 |     3 |       |       ||     4
       Petrified         |       |       |       |       |     8 |       ||     8
       Petrifying        |       |       |       |       |     2 |       ||     2
  Eat: Chunk             |     1 |     7 |     8 |     6 |    12 |     2 ||    36
       Beef jerky        |       |     1 |       |       |       |       ||     1
       Bread ration      |       |       |       |     4 |     5 |     1 ||    10
Armor: Steam dragon scal |    22 |    23 |       |       |       |       ||    45
       Robe              |     1 |    26 |    69 |   196 |   268 |    13 ||   573
       Skin              |       |     9 |       |       |     1 |       ||    10
       Ring mail         |       |       |       |       |       |    56 ||    56
Dodge: Dodged            |    41 |    81 |   120 |   296 |   468 |    86 ||  1092
       Deflected         |       |       |       |     2 |    14 |       ||    16
Block: Other             |       |       |       |    88 |   276 |    45 ||   409
